 Dungeon Crawl Stone Soup version 0.31-a0-590-g8a5a4361df (webtiles) character file.

Game seed: 9323588191203082013

9 Rohain the Chopper (level 2, -4/25 (26) HPs)
             Began as a Gnoll Reaver on Aug 19, 2023.
             Slain by a gnoll
             ... wielding a +0 spear
              (9 damage)
             ... on level 1 of the Dungeon.
             The game lasted 00:00:18 (231 turns).

Rohain the Chopper (Gnoll Reaver)                    Turns: 231, Time: 00:00:18

HP:   -4/25 (26)    AC:  3    Str: 11    XL:     2   Next: 12%
MP:   7/7           EV: 12    Int: 12    God:
Gold: 45            SH:  0    Dex: 10    Spells: 9/10 levels left

rFire   . . .        a - +0 hand axe
rCold   . . .        (no shield)
rNeg    . . .        b - +0 leather armour
rPois   .            (no helmet)
rElec   .            (no cloak)
rCorr   .            (no gloves)
SInv    .            (no boots)
Will    .....        (no amulet)
Stlth   +            (no ring)
HPRegen 0.24/turn    (no ring)
MPRegen 0.10/turn

%: no passive effects
@: lightly drained
A: fangs 1, strong nose, distributed training
a: no special abilities


You were on level 1 of the Dungeon.
You visited 1 branch of the dungeon, and saw 1 of its levels.

You collected 45 gold pieces.

Inventory:

Hand Weapons
 a - a +0 hand axe (weapon)
Armour
 b - a +0 leather armour (worn)
Scrolls
 d - a scroll of identify {unknown}
Potions
 c - a potion of curing {unknown}


   Skills:
 + Level 4.4 Fighting
 + Level 0.3 Short Blades
 + Level 0.3 Long Blades
 + Level 6.4 Axes
 + Level 0.3 Maces & Flails
 + Level 0.3 Polearms
 + Level 0.3 Staves
 + Level 0.3 Ranged Weapons
 + Level 0.3 Throwing
 + Level 0.3 Armour
 + Level 4.4 Dodging
 + Level 0.3 Stealth
 + Level 0.3 Shields
 + Level 0.3 Unarmed Combat
 + Level 4.9 Spellcasting
 + Level 5.3 Conjurations
 + Level 0.2 Hexes
 + Level 0.2 Summonings
 + Level 0.2 Necromancy
 + Level 0.2 Translocations
 + Level 0.2 Transmutations
 + Level 0.2 Fire Magic
 + Level 0.2 Ice Magic
 + Level 0.2 Air Magic
 + Level 0.2 Earth Magic
 + Level 0.2 Poison Magic
 + Level 0.4 Invocations
 + Level 0.3 Evocations
 + Level 0.2 Shapeshifting


You had 9 spell levels left.
You knew the following spells:

 Your Spells              Type           Power      Damage    Failure   Level
a - Kiss of Death         Conj/Necr      36%        2d8       9%          1

Your spell library contained the following spells:

 Spells                   Type           Power      Damage    Failure   Level
 Momentum Strike          Conj/Tloc      18%        3d8       13%         2
 Freeze                   Ice            12%        1d3       24%         1
 Hailstorm                Conj/Ice       9%         3d4       26%         3
 Frozen Ramparts          Ice            6%         1d1       58%         3


Dungeon Overview and Level Annotations

Branches:
Dungeon (1/15)

Altars:


Innate Abilities, Weirdness & Mutations

You have very sharp teeth.
Your uncanny sense of smell can sniff out nearby items.
Your experience applies equally to all skills.


Message History

There is an open door here.
You open the door.
There is an open door here.
You now have 45 gold pieces (gained 6).
You open the door.
A hobgoblin comes into view.
The hobgoblin shouts!
A hobgoblin is nearby!
A frilled lizard comes into view.
The frilled lizard hisses angrily.
The frilled lizard barely misses you.
A gnoll comes into view. It is wielding a +0 spear.
A giant cockroach comes into view.
There is an open door here.
You barely miss the frilled lizard. The frilled lizard misses you.
A quokka comes into view.
You closely miss the hobgoblin.
You hit the frilled lizard but do no damage.
The hobgoblin misses you.
The frilled lizard bites you but does no damage.
You hit the hobgoblin.
You kill the hobgoblin!
You closely miss the frilled lizard. The frilled lizard closely misses you.
You miss the frilled lizard. The frilled lizard closely misses you.
The gnoll hits you from afar with a +0 spear.
You miss the frilled lizard. You bite the frilled lizard.
You kill the frilled lizard!
The gnoll hits you from afar with a +0 spear.
You closely miss the quokka.
The gnoll hits you from afar with a +0 spear.
The quokka barely misses you.
You closely miss the quokka. The quokka bites you.
The gnoll hits you from afar with a +0 spear.
* * * LOW HITPOINT WARNING * * *
You closely miss the quokka. You bite the quokka.
The quokka is moderately wounded.
The quokka bites you.
* * * LOW HITPOINT WARNING * * *
The gnoll hits you from afar with a +0 spear!
You die...

....###...### #...#
#.........### #...#
####........####...#
#....##.......#...#
#....####......
###........#...
#..........Bg##
######.'########r..#
#......#.......@#..#
#......#.'####'.#...#
#......#.#....#.#.#...
######.#.#.##.#.#.#####
#.#.#.##.#.#..
#.#.#....#.#.. ∆
#.#.+####+.#.. #.#..
..# .+# ##+


You could see a gnoll, a quokka and a giant cockroach.

Vanquished Creatures
  A ball python (D:1)
  A bat (D:1)
  A goblin (D:1)
  3 hobgoblins (D:1)
  A frilled lizard (D:1)
7 creatures vanquished.

Notes
Turn   | Place    | Note
-------+----------+-------------------------------------------
     0 | D:1      | Rohain the Gnoll Reaver began the quest for the Orb.
     0 | D:1      | Reached XP level 1. HP: 20/20 MP: 6/6
   182 | D:1      | Reached XP level 2. HP: 25/25 MP: 7/7
   231 | D:1      | Slain by a gnoll

Illustrated notes

Levels and vault maps discovered:
D:1:      sevenhm_arrival_forest_fort_large_4, layout_rooms, minivault_11

Action                     || total
---------------------------++-------
  Melee: Hand axe          ||    17
         Bite              ||     2
   Cast: Kiss of Death     ||     1
 Armour: Leather armour    ||     5
  Dodge: Dodged            ||     9

Table legend: (Time is in decaauts)
 A = Elapsed time spent in this place.
 B = Non-inter-level travel time spent in this place.
 C = Inter-level travel time spent in this place.
 D = Time resting spent in this place.
 E = Time spent auto-exploring this place.
 F = Levels seen in this place.
 G = Mean time per level.
                   A        B        C        D        E       F      G
               +--------+--------+--------+--------+--------+-----+--------+
         Total |    230 |    230 |      0 |      0 |    188 |   1 |  230.0 |
       Dungeon |    230 |    230 |      0 |      0 |    188 |   1 |  230.0 |
               +--------+--------+--------+--------+--------+-----+--------+

Top non-repeatable levels by time:
     D:1: 230 daAuts
